 Dungeon Crawl Stone Soup version 0.29-a0-551-gffc1d7fb78 (webtiles) character file.

Game seed: 7973873060851991959

3213 xian the Carver (level 9, 0/80 HPs)
             Began as a Minotaur Fighter on June 4, 2022.
             Was an Initiate of Gozag.
             Hit by a stone thrown by an orc warrior (8 damage)
             ... on level 8 of the Dungeon on June 5, 2022.
             The game lasted 00:23:52 (8198 turns).

xian the Carver (Minotaur Fighter)                  Turns: 8198, Time: 00:23:53

Health: 0/80       AC: 14    Str: 30    XL:     9   Next: 65%
Magic:  8/8        EV: 11    Int:  5    God:    Gozag
Gold:   642        SH:  5    Dex: 11    Spells: 8/8 levels left

rFire   . . .      SeeInvis .   a - +1 long sword
rCold   . . .      Faith    .   c - +0 buckler
rNeg    . . .      Spirit   .   d - +0 swamp dragon scales
rPois   +          Reflect  .   (helmet restricted)
rElec   .          Harm     .   k - +0 cloak
rCorr   .          Rampage  .   (no gloves)
Will    .....                   v - +2 pair of boots
Stlth   +.........              (no amulet)
HPRegen 0.23/turn               l - +6 ring of strength
MPRegen 0.11/turn               s - ring of poison resistance

@: brilliant
A: horns 2, retaliatory headbutt, evolution 1, MP-powered wands
a: Renounce Religion, Potion Petition, Call Merchant, Bribe Branch


You were on level 8 of the Dungeon.
You worshipped Gozag.
Gozag was pleased with you.
You visited 2 branches of the dungeon, and saw 9 of its levels.

You collected 730 gold pieces.
You paid 88 gold pieces to Gozag.

Inventory:

Hand Weapons
 a - a +1 long sword (weapon)
 E - a +0 club
Missiles
 h - a silver boomerang (quivered)
 o - 14 poisoned darts
 x - a curare-tipped dart
Armour
 c - a +0 buckler (worn)
 d - +0 swamp dragon scales (worn)
 k - a +0 cloak (worn)
 v - a +2 pair of boots (worn)
Jewellery
 b - a ring of flight
 l - a +6 ring of strength (left hand)
 m - a ring of resist corrosion
 s - a ring of poison resistance (right hand)
Wands
 g - a wand of flame (22)
Scrolls
 i - 3 scrolls of torment
 p - a scroll of brand weapon
 q - 2 scrolls of amnesia
 r - a scroll of blinking
 u - a scroll of immolation
 y - a scroll of enchant weapon
 B - 4 scrolls of identify
 C - a scroll of teleportation
 D - a scroll of fog
 F - a scroll of poison {unknown}
Potions
 e - 2 potions of flight {unknown}
 f - 2 potions of mutation
 j - a potion of attraction {unknown}
 n - 4 potions of curing
 t - a potion of magic {unknown}
 w - 3 potions of lignification {unknown}
 z - 3 potions of brilliance
 A - a potion of invisibility {unknown}


   Skills:
 + Level 7.7 Fighting
 + Level 10.7 Long Blades
 + Level 0.6 Throwing
 + Level 8.4 Armour
 + Level 3.6 Dodging
 + Level 1.0 Stealth
 + Level 6.6 Shields


You had 8 spell levels left.
You didn't know any spells.
Your spell library contained the following spells:

 Spells                   Type           Power      Damage    Failure   Level
 Sandblast                Erth           0%         2d4       67%         1
 Passwall                 Tmut/Erth      0%         N/A       80%         2
 Static Discharge         Conj/Air       0%         N/A       80%         2
 Sublimation of Blood     Necr           0%         N/A       80%         2
 Stone Arrow              Conj/Erth      0%         3d7       95%         3
 Dispel Undead            Necr           0%         3d6       100%        4
 Petrify                  Tmut/Erth      0%         N/A       100%        4
 Sticky Flame             Conj/Fire      0%         2d3       100%        4
 Irradiate                Conj/Tmut      0%         3d13      100%        5


Dungeon Overview and Level Annotations

Branches:
Dungeon (8/15)             Temple (1/1) D:4
   Lair: D:8-11

Altars:
Ashenzari
Cheibriados
Dithmenos
Fedhas
Gozag
Hepliaklqana
Kikubaaqudgha
Makhleb
Nemelex Xobeh
Qazlal
Ru
Trog
Uskayaw
Vehumet
Wu Jian
Xom
Yredelemnul
Zin
The Shining One

Shops:
D:2 :!?[

Annotations:
D:4 2 transporters, bchevrier's ghost, amateur MiFi
D:7 2 transporters, Yeil's ghost, novice DjTm


Innate Abilities, Weirdness & Mutations

You have a pair of horns on your head.
You reflexively headbutt those who attack you in melee.
You have hidden genetic potential.
You expend magic power (3 MP) to strengthen your wands.


Message History

You closely miss the orc warrior. Your headbutt misses the orc warrior.
The orc warrior is severely wounded.
The orc warrior hits you with a +0 halberd.
Something hits you but does no damage.
You barely miss the orc warrior. Your headbutt misses the orc warrior.
The orc warrior is severely wounded.
You barely miss the orc warrior.
The orc warrior is severely wounded.
The orc warrior hits you with a +0 halberd!
* * * LOW HITPOINT WARNING * * *
Something hits you.
* * * LOW HITPOINT WARNING * * *
You barely miss the orc warrior.
You headbutt the orc warrior, but do no damage.
The orc warrior is severely wounded.
The orc warrior hits you with a +0 halberd.
* * * LOW HITPOINT WARNING * * *
Something hits you.
* * * LOW HITPOINT WARNING * * *
It was a potion of brilliance.
You feel clever all of a sudden.
The orc warrior hits you with a +0 halberd.
* * * LOW HITPOINT WARNING * * *
Something hits you but does no damage.
It was a potion of mutation.
You feel extremely strange.
You feel your magical essence link to the dungeon's wands.
You feel a hidden potential growing inside you.
The orc warrior closely misses you. You furiously retaliate!
You headbutt the orc warrior, but do no damage.
You block something's attack.
Okay, then.
Okay, then.
You hit the orc warrior but do no damage.
The orc warrior is severely wounded.
You block the orc warrior's attack. Something hits you but does no damage.
The orc warrior attacks as you move away!
You block the orc warrior's attack. Something hits you but does no damage.
The orc warrior throws a stone.
The stone hits you!
You die...
Your body crumbles into a pile of gold.

##..##..###..#... ...
#...##.............
...
####..#....#........#
...
##....##....###......#
...
##.....#...........
...
#..........#.......
### ##...###...#
...... #. ##.#
#....##...... #....#
## ##.$>@..# ##....<
#.$.$### #......
#..o{# .......
#........ .......
#.......... .......
####........# #......
#.#....... #......
'.##.#..## #.#... .##
.#..# #.##..


You could see an orc warrior.

Vanquished Creatures
  Maggie (D:6)
  Grinder (D:5)
  Prince Ribbit (D:7)
  Sigmund (D:2)
  A wraith (D:8)
  3 steam dragons
  An ice beast (D:8)
  2 orc warriors (D:8)
  A sky beast (D:7)
  2 ogres
  A centaur (D:6)
  A kobold brigand (D:7)
  3 scorpions
  A bullfrog (D:8)
  A vampire bat (D:3)
  A howler monkey (D:6)
  7 hounds
  2 orc priests
  2 jellies
  4 iguanas
  7 orc wizards
  8 adders
  2 white imps
  An ufetubus (D:5)
  2 worms (D:4)
  A dart slug (D:4)
  32 orcs
  9 bats
  6 endoplasms
  3 giant cockroaches
  5 goblins
  8 hobgoblins
  7 jackals
  6 quokkas
  6 ball pythons (D:1)
  6 frilled lizards
  12 kobolds
  4 rats
162 creatures vanquished.

Vanquished Creatures (others)
  An orc wizard (D:8)
  An adder (D:6)
  7 orcs
  3 plants (D:8)
12 creatures vanquished.

Grand Total: 174 creatures vanquished

Notes
Turn   | Place    | Note
-------+----------+-------------------------------------------
     0 | D:1      | xian the Minotaur Fighter began the quest for the Orb.
     0 | D:1      | Reached XP level 1. HP: 19/19 MP: 0/0
   217 | D:1      | Reached XP level 2. HP: 23/27 MP: 1/1
  1028 | D:2      | Reached skill level 3 in Long Blades
  1040 | D:2      | Reached XP level 3. HP: 33/33 MP: 2/2
  1077 | D:2      | Found a snail-covered altar of Cheibriados.
  1104 | D:2      | Found Urchugy's Distillery.
  1154 | D:2      | Found a faded altar of an unknown god.
  1256 | D:2      | Noticed Sigmund
  1268 | D:2      | Killed Sigmund
  1269 | D:2      | Reached skill level 4 in Long Blades
  1269 | D:2      | Reached skill level 1 in Dodging
  1269 | D:2      | Reached XP level 4. HP: 27/41 MP: 3/3
  1269 | D:2      | Reached XP level 5. HP: 32/47 MP: 4/4
  1389 | D:2      | Found Nonetseg's Book Shop.
  1485 | D:2      | Upgraded the game from 0.29-a0-542-g075992c915 to
                  | 0.29-a0-551-gffc1d7fb78
  1590 | D:2      | Found Ceysefr Mili's Magic Scroll Shoppe.
  1669 | D:2      | Found Uracear's Antique Armour Shop.
  2138 | D:3      | Reached skill level 5 in Armour
  2195 | D:3      | Reached XP level 6. HP: 52/55 MP: 5/5
  2298 | D:3      | Reached skill level 5 in Long Blades
  2531 | D:4      | Found a transporter.
  2572 | D:4      | Found a transporter.
  2589 | D:4      | Noticed bchevrier's ghost (amateur MiFi)
  2807 | D:4      | Found a staircase to the Ecumenical Temple.
  2816 | Temple   | Entered the Ecumenical Temple
  3337 | D:4      | Reached skill level 5 in Fighting
  3543 | D:5      | Entered Level 5 of the Dungeon
  3561 | D:5      | Found a blossoming altar of Fedhas.
  3677 | D:5      | Noticed Grinder
  3688 | D:5      | Reached skill level 6 in Long Blades
  3695 | D:5      | Reached XP level 7. HP: 51/61 MP: 6/6
  3705 | D:5      | Killed Grinder
  3706 | D:5      | Reached skill level 5 in Shields
  3710 | D:5      | Reached skill level 7 in Long Blades
  4177 | D:5      | Noticed a steam dragon
  4200 | D:5      | Killed a steam dragon
  4201 | D:5      | Reached skill level 8 in Long Blades
  4201 | D:5      | Reached XP level 8. HP: 37/70 MP: 7/7
  5019 | D:6      | Noticed Maggie
  5294 | D:6      | Killed Maggie
  5295 | D:6      | Reached skill level 9 in Long Blades
  5622 | D:6      | Found a sparkling altar of Nemelex Xobeh.
  5857 | D:6      | Found an opulent altar of Gozag.
  5953 | D:6      | Became a worshipper of Gozag Ym Sagoz the Greedy
  5983 | D:7      | Noticed a moth of wrath
  5984 | D:7      | Noticed a troll
  5984 | D:7      | Noticed Yeil's ghost (novice DjTm)
  5992 | D:7      | Found a bloodstained altar of Trog.
  5999 | D:7      | Found a transporter.
  6002 | D:7      | Found a transporter.
  6159 | D:7      | Reached XP level 9. HP: 41/78 MP: 8/8
  6504 | D:7      | Found a broken altar of Ashenzari.
  6771 | D:7      | Found a hide-covered altar of Uskayaw.
  6771 | D:7      | Found a glowing golden altar of the Shining One.
  6773 | D:7      | Found a sacrificial altar of Ru.
  6779 | D:7      | Found a radiant altar of Vehumet.
  6781 | D:7      | Found a shimmering altar of Xom.
  6951 | D:8      | Noticed Prince Ribbit
  6982 | D:7      | Killed Prince Ribbit
  7261 | D:8      | Reached skill level 10 in Long Blades
  7312 | D:8      | Reached skill level 1 in Stealth
  8016 | D:8      | Found a stormy altar of Qazlal.
  8196 | D:8      | Gained mutation: You expend magic power (3 MP) to
                  | strengthen your wands. [potion of mutation]
  8196 | D:8      | Gained mutation: You have hidden genetic potential. [potion
                  | of mutation]
  8198 | D:8      | Hit by a stone thrown by an orc warrior

Illustrated notes

Levels and vault maps discovered:
D:1:      nagdon_arrival_double_spiral, layout_loops_ring,
          kennysheep_crisscross, minmay_tetromino_i4
D:2:      layout_basic, serial_shops, nicolae_lakefront_shop,
          nicolae_shop_waterfront, nicolae_shop_hallway_plus, shop_fountains,
          chequers_ecumenical_altar_island, basic_altar, uniq_sigmund
D:3:      layout_basic, roderic_batcave, minmay_cupped
D:4:      layout_loops_ring, minmay_temple_entry_wispy,
          gammafunk_ghost_mausoleum, grunt_decor_fettered
D:5:      layout_rooms, mainiacjoe_overflow_paths, uniq_grinder
D:6:      layout_basic, lemuel_tele_altar, nemelex_altar_shiori, uniq_maggie
D:7:      layout_cave_pools, kennysheep_mini, grunt_temple_overflow_open,
          gammafunk_ghost_wrathful_warriors
D:8:      layout_cave_pools, mainiacjoe_overflow_alcove_2,
          mainiacjoe_overflow_cross_hatched, kennysheep_small_spiral,
          uniq_prince_ribbit1
Temple:   jpeg_temple_island

Skill      XL: |  1  2  3  4  5  6  7  8  9 |
---------------+----------------------------+-----
Fighting       | 4 5 6 7 |  7.7
Armour         | 4 5 6 7 8 |  8.4
Long Blades    | 3 4 6 8 9 10 | 10.7
Dodging        | 1 2 3 |  3.6
Shields        | 4 5 6 |  6.6
Stealth        | 1 |  1.0
Throwing       | |  0.6

Action                   |  1- 3 |  4- 6 |  7- 9 || total
-------------------------+-------+-------+-------++-------
Melee: Long sword        |    74 |   140 |   282 ||   496
       Headbutt          |     8 |    23 |    42 ||    73
Throw: Boomerang         |     6 |       |       ||     6
  Use: Scroll            |     2 |     6 |     3 ||    11
       Potion            |       |       |     6 ||     6
 Stab: Distracted        |       |       |     1 ||     1
Armor: Scale mail        |    37 |    90 |    43 ||   170
       Swamp dragon scal |       |       |   121 ||   121
Dodge: Dodged            |    38 |    74 |   135 ||   247
Block: Buckler           |    19 |    48 |    53 ||   120

Table legend: (Time is in decaauts)
 A = Elapsed time spent in this place.
 B = Non-inter-level travel time spent in this place.
 C = Inter-level travel time spent in this place.
 D = Time resting spent in this place.
 E = Time spent auto-exploring this place.
 F = Levels seen in this place.
 G = Mean time per level.
                   A        B        C        D        E       F      G
               +--------+--------+--------+--------+--------+-----+--------+
         Total |   8311 |   8131 |    180 |    225 |   5650 |   9 |  923.4 |
       Dungeon |   8039 |   7864 |    175 |    225 |   5407 |   8 | 1004.9 |
        Temple |    271 |    266 |      5 |      0 |    242 |   1 |  271.0 |
               +--------+--------+--------+--------+--------+-----+--------+

Top non-repeatable levels by time:
     D:6: 1527 daAuts
     D:7: 1265 daAuts
     D:1: 1037 daAuts
     D:8: 972 daAuts
     D:5: 916 daAuts
     D:2: 823 daAuts
     D:4: 819 daAuts
     D:3: 676 daAuts
  Temple: 271 daAuts
